Map: Ice and Chrome LE

Players

Reynor

  • Race: Zerg Zerg
  • Spawn Location: 1:00

Rogue - Winner!

  • Race: Zerg Zerg
  • Spawn Location: 7:00

Event: War Chest Team League

VOD

Have the link to the VOD?

Description

Time

  • Played on: Aug. 14, 2020, 9:18 a.m.
  • Length: 5:01
Show
View Real Time Build Order
Export as new Build Order

Reynor Zerg 

Build Orders: Hatch First 

Get SALT Encoding   

  12  0:00  Drone  
  13  0:12  Overlord  
  13  0:17  Drone  
  14  0:31  Drone x2  
  16  0:47  Hatchery  
  15  0:51  Drone  
  15  0:55  Drone  
  17  0:58  Drone  
  18  1:09  Extractor  
  17  1:14  Spawning Pool  
  17  1:16  Drone  
  17  1:19  Drone  
  18  1:27  Drone  
  19  1:38  Drone  
  20  1:50  Drone  
  21  2:00  Overlord, Queen x2  
  25  2:01  Zergling x2  
  26  2:08  Metabolic Boost  
  26  2:10  Drone x2  
  28  2:21  Zergling x2  
  29  2:23  Zergling x2  
  30  2:33  Drone  
  30  2:34  Drone  
  32  2:42  Drone x2  
  33  2:50  Queen  
  35  2:52  Overlord, Baneling Nest  
  35  2:54  Drone  
  35  3:03  Drone  
  36  3:09  Overlord  
  37  3:12  Zergling x2  
  37  3:13  Zergling x4  
  37  3:14  Zergling x2  
  37  3:15  Drone x2  
  37  3:18  Zergling x2  
  43  3:20  Evolution Chamber  
  43  3:21  Evolution Chamber  
  43  3:23  Zergling x2  
  42  3:28  Zergling x2  
  42  3:32  Zergling x2  
  44  3:38  Baneling, Zergling x2  
  39  3:41  Zergling x2  
  39  3:42  Baneling  
  39  3:44  Zergling x2  
  39  3:46  Zergling x2  
  39  3:47  Zergling x2  
  36  3:50  Zergling x2  
  36  3:54  Baneling  
  37  4:00  Zergling x4  
  33  4:11  Zergling x4  
  33  4:13  Queen  
  32  4:17  Zergling x2  
  32  4:21  Zergling x2  
  32  4:28  Zergling x2  
  24  4:33  Zergling x2  
Show
View Real Time Build Order
Export as new Build Order

Rogue Zerg - Winner!

Build Orders: Pool First 

Get SALT Encoding   

  12  0:01  Drone  
  13  0:13  Overlord  
  13  0:17  Drone  
  14  0:32  Drone x2  
  16  0:40  Spawning Pool  
  15  0:44  Drone  
  15  0:47  Drone  
  17  0:50  Extractor  
  16  1:12  Hatchery  
  15  1:26  Zergling x6  
  18  1:34  Queen  
  20  1:41  Drone  
  21  1:50  Metabolic Boost  
  21  1:55  Overlord  
  21  2:01  Zergling x2  
  22  2:12  Queen  
  22  2:15  Zergling x2  
  25  2:21  Zergling x2  
  26  2:25  Zergling x2  
  26  2:29  Queen  
  29  2:31  Zergling x2  
  29  2:35  Zergling x2  
  31  2:42  Zergling x2  
  31  2:43  Zergling x2  
  33  2:48  Overlord  
  33  2:52  Zergling x2  
  33  2:55  Zergling x2  
  35  3:00  Zergling x2  
  36  3:09  Zergling x6  
  39  3:17  Zergling x4  
  39  3:18  Zergling x2  
  42  3:23  Zergling x4  
  44  3:32  Zergling x2  
  42  3:35  Zergling x2  
  42  3:38  Zergling x2  
  42  3:39  Zergling x4  
  42  3:44  Zergling x2  
  42  3:50  Zergling x2  
  42  3:51  Zergling x2  
  42  3:59  Zergling x2  
  42  4:00  Zergling x6  
  43  4:05  Zergling x2  
  42  4:12  Zergling x4  
  42  4:16  Zergling x2  
  41  4:19  Zergling x2  
  41  4:25  Zergling x4  
  41  4:26  Zergling x2  
  41  4:31  Zergling x2  
  42  4:35  Zergling x2  
  38  4:42  Zergling x4  
  38  4:44  Zergling x2  
Tags
 
Add a new tag
Caveats
  • Supply blocks, unpowered buildings, or Contaminate may cause inaccurate times.
  • Supply counts are checked every 10 seconds.